 Dungeon Crawl Stone Soup version 0.30-a0-748-ge6a52f7cba (webtiles) character file.

Game seed: 1645814938170392710

378 Newt the Skirmisher (level 7, -7/44 HPs)
             Began as a Kobold Hunter on Feb 8, 2023.
             Splashed by a jelly's acid (8 damage)
             ... on level 5 of the Dungeon.
             The game lasted 00:02:26 (3228 turns).

Newt the Skirmisher (Kobold Hunter)                 Turns: 3228, Time: 00:02:26

Health: -7/44      AC:  0    Str:  8    XL:     7   Next: 4%
Magic:  7/7        EV: 14    Int: 11    God:
Gold:   216        SH:  0    Dex: 20    Spells: 6/6 levels left

rFire   . . .      SeeInvis .    a - +1 shortbow
rCold   . . .      Faith    .    (shield currently unavailable)
rNeg    . . .      Spirit   .    h - +0 leather armour {rPois}
rPois   +          Reflect  .    (no helmet)
rElec   .          Harm     .    (no cloak)
rCorr   .          Rampage  .    j - +0 pair of gloves
Will    .....                    (no boots)
Stlth   +++                      k - amulet of magic regeneration
HPRegen 0.27/turn                (no ring)
MPRegen 0.50/turn                (no ring)

@: corroded
A: small, no large weapons, nightstalker 3
a: no special abilities


You were on level 5 of the Dungeon.
You visited 1 branch of the dungeon, and saw 4 of its levels.

You collected 216 gold pieces.

Inventory:

Hand Weapons
 a - a +1 shortbow (weapon)
Armour
 c - a +0 leather armour
 h - a +0 leather armour of poison resistance (worn)
 i - a +2 robe of cold resistance
 j - a +0 pair of gloves (worn)
Jewellery
 k - an amulet of magic regeneration (around neck)
Scrolls
 b - a scroll of immolation
 d - a scroll of magic mapping
 e - a scroll of butterflies {unknown}
 g - 2 scrolls of teleportation
 l - a scroll of identify
Potions
 f - a potion of resistance
 m - a potion of might


   Skills:
 - Level 5.0 Fighting
 + Level 8.7 Ranged Weapons
 - Level 2.4 Dodging
 - Level 1.3 Stealth


You had 6 spell levels left.
You didn't know any spells.
Your spell library contained the following spells:

 Spells                   Type           Power      Damage    Failure   Level
 Sting                    Tmut/Pois      0%         1d3       45%         1
 Poisonous Vapours        Pois/Air       0%         N/A       61%         2
 Ignite Poison            Fire/Tmut/Pois 0%         N/A       83%         3
 Olgreb's Toxic Radiance  Pois           0%         N/A       99%         4
 Sticky Flame             Conj/Fire      0%         2d3       99%         4
 Ignition                 Fire           0%         3d3       100%        8


Dungeon Overview and Level Annotations

Branches:
Dungeon (3/15)

Altars:


Innate Abilities, Weirdness & Mutations

You are small and have problems with some larger weapons.
You are completely attuned to the shadows.


Message History

You feel sick.
You feel sick.
You are no longer poisoned.
You shoot an arrow. The arrow hits the jelly.
The jelly is lightly wounded.
The jelly closely misses you.
You shoot an arrow. The arrow hits the jelly.
The jelly is moderately wounded.
The jelly hits you but does no damage.
You shoot an arrow. The arrow hits the jelly.
The jelly is heavily wounded.
The jelly hits you.
You are splashed with acid!
You shoot an arrow. The arrow hits the jelly.
The jelly is heavily wounded.
The jelly hits you but does no damage.
You shoot an arrow.
The arrow hits the jelly but does no damage.
The jelly is heavily wounded.
The jelly hits you. The acid corrodes you!
You are splashed with acid!
* * * LOW HITPOINT WARNING * * *
The jelly hits you.
* * * LOW HITPOINT WARNING * * *
You are splashed with acid!
* * * LOW HITPOINT WARNING * * *
Fire: a) +1 shortbow
Press: ? - help, Q - select action Shift-Dir - straight line, f/p - jelly
Aim: a jelly (heavily wounded, 91% to hit)
You shoot an arrow. The arrow hits the jelly.
The jelly is severely wounded.
The jelly closely misses you.
Fire: a) +1 shortbow
Press: ? - help, Q - select action Shift-Dir - straight line, f/p - jelly
Aim: a jelly (severely wounded, 91% to hit)
You shoot an arrow.
The arrow hits the jelly but does no damage.
The jelly is severely wounded.
The jelly hits you.
* * * LOW HITPOINT WARNING * * *
You are splashed with acid!
You die...

#. #. #. #( #. #.# #. #
#. #.# #. #.#.## #.# #.
#....##########.#######.
#....SJ@................
#....###########.#######
#.#.## #.# .... #.# ..#
#.# ..#


You could see a jelly and an adder.

Vanquished Creatures
  An ice beast (D:5)
  2 phantoms (D:5)
  A bullfrog (D:5)
  3 adders
  2 dart slugs
  5 bats
  7 endoplasms
  2 giant cockroaches
  6 goblins
  5 hobgoblins (D:1)
  5 kobolds
  4 ball pythons
  3 frilled lizards
  A rat (D:2)
47 creatures vanquished.

Notes
Turn   | Place    | Note
-------+----------+-------------------------------------------
     0 | D:1      | Newt the Kobold Hunter began the quest for the Orb.
     0 | D:1      | Reached XP level 1. HP: 12/12 MP: 1/1
   109 | D:1      | Reached XP level 2. HP: 18/18 MP: 2/2
   200 | D:1      | Noticed a great orb of eyes
   202 | D:1      | Found a faded altar of an unknown god.
   202 | D:1      | Noticed a shining eye
   206 | D:1      | Noticed an eye of devastation
   206 | D:1      | Noticed a great orb of eyes
   452 | D:1      | Reached XP level 3. HP: 23/23 MP: 3/3
  1568 | D:2      | Reached XP level 4. HP: 30/30 MP: 4/4
  2514 | D:3      | Identified the +1 leather armour of Cashy {rCorr}
  2658 | D:3      | You fall into a shaft and drop 2 floors!
  2658 | D:5      | Entered Level 5 of the Dungeon
  2692 | D:5      | Noticed an ice beast
  2706 | D:5      | HP: 1/30 [ice beast (6)]
  2708 | D:5      | Killed an ice beast
  2709 | D:5      | Reached skill level 5 in Fighting
  2709 | D:5      | Reached skill level 6 in Ranged Weapons
  2709 | D:5      | Reached XP level 5. HP: 2/35 MP: 5/5
  2955 | D:5      | Noticed a phantom
  2960 | D:5      | Killed a phantom
  2961 | D:5      | Reached skill level 7 in Ranged Weapons
  2961 | D:5      | Reached XP level 6. HP: 38/40 MP: 6/6
  2988 | D:5      | Reached skill level 8 in Ranged Weapons
  3042 | D:5      | Reached XP level 7. HP: 36/44 MP: 7/7
  3226 | D:5      | HP: 2/44 [acid (8)]
  3228 | D:5      | Splashed by a jelly's acid

Illustrated notes

Levels and vault maps discovered:
D:1:      psy_arrival_fountain, layout_basic,
          hellmonk_ecumenical_altar_watching_god
D:2:      layout_loops_corners, serial_aquarium, aquarium_bridge_straight
          [aquarium_subvault_bridge, aquarium_subvault_wall,
          aquarium_subvault_bridge, aquarium_subvault_wall],
          aquarium_bridge_square [aquarium_subvault_wall,
          aquarium_subvault_bridge, aquarium_subvault_window,
          aquarium_subvault_window], aquarium_window_1, aquarium_window_2,
          aquarium_view_2b, minmay_pentomino_z2
D:3:      layout_loops_ring, serial_shops, nicolae_shop_crystal
D:5:      layout_loops_ring

Skill      XL: |  1  2  3  4  5  6 |
---------------+-------------------+-----
Fighting       | 3 4 5 |  5.0
Ranged Weapons | 6 7 8 |  8.7
Dodging        | |  2.4
Stealth        | |  1.3

Action                     |  1- 3 |  4- 6 |  7- 9 || total
---------------------------+-------+-------+-------++-------
   Fire: Shortbow          |    85 |    57 |    13 ||   155
    Use: Scroll            |     2 |     6 |       ||     8
         Potion            |       |     2 |       ||     2
 Armour: Leather armour    |    11 |     7 |     4 ||    22
  Dodge: Dodged            |    26 |    24 |     8 ||    58

Table legend: (Time is in decaauts)
 A = Elapsed time spent in this place.
 B = Non-inter-level travel time spent in this place.
 C = Inter-level travel time spent in this place.
 D = Time resting spent in this place.
 E = Time spent auto-exploring this place.
 F = Levels seen in this place.
 G = Mean time per level.
                   A        B        C        D        E       F      G
               +--------+--------+--------+--------+--------+-----+--------+
         Total |   3269 |   3128 |    141 |    230 |   2554 |   4 |  817.2 |
       Dungeon |   3269 |   3128 |    141 |    230 |   2554 |   4 |  817.2 |
               +--------+--------+--------+--------+--------+-----+--------+

Top non-repeatable levels by time:
     D:1: 1165 daAuts
     D:2: 1076 daAuts
     D:5: 578 daAuts
     D:3: 448 daAuts
